 Seeded DCSS version 0.30.0-18-gc0e69614cb (webtiles) character file.

Game seed: 1882581695637917331 (custom seed)

704 drewk1942 the Insei (level 7, -3/42 (53) HPs)
             Began as a Gnoll Wanderer on May 23, 2023.
             Was an Initiate of Cheibriados.
             Slain by Edmund
             ... wielding a +7 flail of draining
              (5 damage)
             ... on level 5 of the Dungeon.
             The game lasted 00:07:02 (4651 turns).

drewk1942 the Insei (Gnoll Wanderer)                Turns: 4651, Time: 00:07:03

HP:   -3/42 (53)    AC:  7    Str: 14    XL:     7   Next: 67%
MP:   13/13         EV: 12    Int: 11    God:    Cheibriados [......]
Gold: 180           SH:  8    Dex: 14    Spells: 14/14 levels left

rFire   x . .        a - +1 hand axe (spect)
rCold   + . .        y - +0 kite shield
rNeg    . . .        e - +0 robe
rPois   .            d - +0 helmet
rElec   .            (no cloak)
rCorr   .            o - +2 pair of gloves
SInv    .            q - +0 pair of boots
Will    .....        v - amulet of magic regeneration
Stlth   ++           B - ring of ice
HPRegen 0.27/turn    (no ring)
MPRegen 0.53/turn

%: no passive effects
@: heavily drained, very slow
A: fangs 1, strong nose, distributed training
a: Renounce Religion


You were on level 5 of the Dungeon.
You worshipped Cheibriados.
Cheibriados was noncommittal.
You visited 1 branch of the dungeon, and saw 5 of its levels.

You collected 180 gold pieces.

Inventory:

Hand Weapons
 a - a +1 spectral hand axe (weapon)
 l - the +8 sling of Fedhas's Scorn {heavy, Int+4}
   (You acquired it on level 4 of the Dungeon)

   Int:       It affects your intelligence (+4).
Missiles
 m - a javelin
 t - 4 boomerangs (quivered)
 u - 2 poisoned darts
Armour
 d - a +0 helmet (worn)
 e - a +0 robe (worn)
 o - a +2 pair of gloves (worn)
 q - a +0 pair of boots (worn)
 y - a +0 kite shield (worn)
Jewellery
 v - an amulet of magic regeneration (around neck)
 B - a ring of ice (left hand)
Wands
 i - a wand of iceblast (9)
Scrolls
 c - 4 scrolls of blinking
 g - 7 scrolls of identify
 h - 2 scrolls of amnesia
 n - 2 scrolls of enchant weapon
 x - a scroll of magic mapping
Potions
 b - 2 potions of haste
 f - a potion of ambrosia
 j - a potion of experience {unknown}
 k - 3 potions of curing {unknown}
 p - a potion of invisibility {unknown}
 r - a potion of cancellation {unknown}
 s - 3 potions of degeneration {unknown}
 w - a potion of might {unknown}
 z - a potion of flight {unknown}


   Skills:
 + Level 3.8 Fighting
 + Level 2.7 Short Blades
 + Level 2.7 Long Blades
 + Level 5.4 Axes
 + Level 2.7 Maces & Flails
 + Level 2.7 Polearms
 + Level 2.7 Staves
 + Level 2.7 Ranged Weapons
 + Level 2.7 Throwing
 + Level 2.7 Armour
 + Level 5.4 Dodging
 + Level 2.7 Stealth
 + Level 2.7 Shields
 + Level 7.1 Unarmed Combat
 + Level 4.0 Spellcasting
 + Level 2.2 Conjurations
 + Level 2.2 Hexes
 + Level 2.2 Summonings
 + Level 2.2 Necromancy
 + Level 2.2 Translocations
 + Level 2.2 Transmutations
 + Level 2.2 Fire Magic
 + Level 2.2 Ice Magic
 + Level 2.2 Air Magic
 + Level 2.2 Earth Magic
 + Level 2.2 Poison Magic
 + Level 3.0 Invocations
 + Level 3.8 Evocations


You had 14 spell levels left.
You didn't know any spells.
Your spell library contained the following spells:

 Spells                   Type           Power      Damage    Failure   Level
 Tukima's Dance           Hex            7%         N/A       67%         3
 Passage of Golubria      Tloc           7%         N/A       97%         4
 Yara's Violent Unravell  Hex/Tmut       3%         3d4       100%        5


Dungeon Overview and Level Annotations

Branches:
Dungeon (5/15)
 Temple: D:4-7

Altars:
Cheibriados
Okawaru
Wu Jian

Annotations:
D:5 Edmund


Innate Abilities, Weirdness & Mutations

You have very sharp teeth.
Your uncanny sense of smell can sniff out nearby items.
Your experience applies equally to all skills.


Message History

Edmund barely misses you.
You bump into the rock wall.
Your +1 spectral hand axe disappears.
Edmund misses you.
You bump into the rock wall.
You feel less invigorated.
You feel less confused.
Edmund hits you with a +7 flail of draining!
You feel drained.
* * * LOW HITPOINT WARNING * * *
You hit Edmund.
Edmund is moderately wounded.
Your +1 spectral hand axe hits Edmund.
Edmund hits you but does no damage.
You feel drained.
You slash Edmund!
Edmund is heavily wounded.
Your +1 spectral hand axe hits Edmund!
Edmund barely misses you.
You hit Edmund but do no damage.
Edmund is severely wounded.
Your +1 spectral hand axe hits Edmund but does no damage.
Edmund hits you with a +7 flail of draining!
* * * LOW HITPOINT WARNING * * *
You feel drained.
* * * LOW HITPOINT WARNING * * *
You hit Edmund.
Edmund is severely wounded.
Your +1 spectral hand axe hits Edmund but does no damage.
Edmund hits your +1 spectral hand axe with a +7 flail of draining.
Your spectral weapon shares its damage with you!
* * * LOW HITPOINT WARNING * * *
Edmund closely misses your +1 spectral hand axe.
You catch the helpless Edmund completely off-guard!
You hit Edmund but do no damage.
Edmund is severely wounded.
Your +1 spectral hand axe hits Edmund but does no damage.
You block Edmund's attack.
You closely miss Edmund.
Edmund is severely wounded.
Your +1 spectral hand axe hits Edmund.
Edmund hits you with a +7 flail of draining.
You die...

# ### # #.. ..#
# #. ##.# #.#
..#.##..### #.#
.........# #.#
.......# #.#
#...#.###@###
#..#...(@..#
#........#.#
#.########.#
##'## #.#
##...## #.# #
##.....## #..
## ##.......#
##.#
.####.........#
..


You could see Edmund and a friendly +1 spectral hand axe.

Vanquished Creatures
  Menkaure (D:4)
  A water moccasin (D:5)
  An ogre (D:4)
  A phantom (D:4)
  A scorpion (D:5)
  An orc priest (D:4)
  Ijyb (D:3)
  An iguana (D:4)
  Terence (D:3)
  An orc wizard (D:4)
  6 adders
  A worm (D:4)
  3 dart slugs
  9 orcs
  4 bats
  6 endoplasms
  A giant cockroach (D:4)
  6 goblins
  11 hobgoblins
  2 jackals (D:3)
  7 kobolds
  2 quokkas
  2 ball pythons
  2 frilled lizards (D:2)
  6 rats
78 creatures vanquished.

Notes
Turn   | Place    | Note
-------+----------+-------------------------------------------
     0 | D:1      | drewk1942 the Gnoll Wanderer began the quest for the Orb.
     0 | D:1      | drewk1942 set off with the following items: a +0 hand axe,
                  | a potion of haste, 2 scrolls of blinking, a +0 helmet, a +0
                  | robe.
     0 | D:1      | Reached XP level 1. HP: 17/17 MP: 4/4
   406 | D:1      | Reached XP level 2. HP: 23/23 MP: 5/5
  1115 | D:2      | Reached XP level 3. HP: 27/28 MP: 7/7
  1213 | D:2      | Reached skill level 1 in Invocations
  1357 | D:2      | Reached skill level 1 in Short Blades
  1357 | D:2      | Reached skill level 1 in Long Blades
  1357 | D:2      | Reached skill level 1 in Maces & Flails
  1357 | D:2      | Reached skill level 1 in Polearms
  1357 | D:2      | Reached skill level 1 in Staves
  1357 | D:2      | Reached skill level 1 in Ranged Weapons
  1357 | D:2      | Reached skill level 1 in Throwing
  1357 | D:2      | Reached skill level 1 in Armour
  1357 | D:2      | Reached skill level 1 in Stealth
  1357 | D:2      | Reached skill level 1 in Shields
  1823 | D:3      | Noticed Terence
  1842 | D:3      | Reached XP level 4. HP: 22/34 MP: 8/8
  1845 | D:3      | Killed Terence
  1846 | D:3      | Reached skill level 1 in Conjurations
  1846 | D:3      | Reached skill level 1 in Hexes
  1846 | D:3      | Reached skill level 1 in Summonings
  1846 | D:3      | Reached skill level 1 in Necromancy
  1846 | D:3      | Reached skill level 1 in Translocations
  1846 | D:3      | Reached skill level 1 in Transmutations
  1846 | D:3      | Reached skill level 1 in Fire Magic
  1846 | D:3      | Reached skill level 1 in Ice Magic
  1846 | D:3      | Reached skill level 1 in Air Magic
  1846 | D:3      | Reached skill level 1 in Earth Magic
  1846 | D:3      | Reached skill level 1 in Poison Magic
  1942 | D:3      | Found an ornate altar of the Wu Jian Council.
  2045 | D:3      | Noticed Ijyb
  2091 | D:3      | Killed Ijyb
  2092 | D:3      | Reached XP level 5. HP: 19/40 MP: 9/9
  2646 | D:4      | Identified a scroll of acquirement
  2646 | D:4      | Acquired the +8 sling of Fedhas's Scorn {heavy, Int+4}
  2898 | D:4      | Noticed a phantom
  2902 | D:4      | Killed a phantom
  2903 | D:4      | Reached skill level 5 in Axes
  2903 | D:4      | Reached skill level 5 in Dodging
  2903 | D:4      | Reached XP level 6. HP: 44/47 MP: 11/11
  3053 | D:4      | Found a snail-covered altar of Cheibriados.
  3073 | D:4      | Became a worshipper of Cheibriados the Contemplative
  3397 | D:4      | Found an iron altar of Okawaru.
  3655 | D:5      | Entered Level 5 of the Dungeon
  3655 | D:5      | Noticed Menkaure
  3675 | D:5      | Reached skill level 7 in Unarmed Combat
  3675 | D:5      | Reached XP level 7. HP: 15/52 MP: 12/12
  4388 | D:4      | Killed Menkaure
  4629 | D:5      | Noticed Edmund
  4648 | D:5      | HP: 2/42 [Edmund/+7 flail of draining (2)]
  4651 | D:5      | Slain by Edmund

Illustrated notes

Levels and vault maps discovered:
D:1:      dpeg_arrival_erosion, layout_basic
D:2:      layout_basic, minmay_tripent
D:3:      layout_loops_ring, nicolae_wu_jian_wuxing_cycle, serial_bayou_pond_d,
          uniq_ijyb, uniq_terence
D:4:      layout_basic, lemuel_round_altar, kennysheep_slug_shrine,
          minmay_misc_feat_hallway, nicolae_kite_square_tiling_tiny
D:5:      layout_loops_corners, uniq_menkaure, uniq_edmund

Skill      XL: |  1  2  3  4  5  6  7 |
---------------+----------------------+-----
Invocations    | 1 2 3 |  3.0
Short Blades   | 1 2 |  2.7
Long Blades    | 1 2 |  2.7
Maces & Flails | 1 2 |  2.7
Polearms       | 1 2 |  2.7
Staves         | 1 2 |  2.7
Ranged Weapons | 1 2 |  2.7
Throwing       | 1 2 |  2.7
Armour         | 1 2 |  2.7
Stealth        | 1 2 |  2.7
Shields        | 1 2 |  2.7
Spellcasting   | 3 4 |  4.0
Conjurations   | 1 2 |  2.2
Hexes          | 1 2 |  2.2
Summonings     | 1 2 |  2.2
Necromancy     | 1 2 |  2.2
Translocations | 1 2 |  2.2
Transmutations | 1 2 |  2.2
Fire Magic     | 1 2 |  2.2
Ice Magic      | 1 2 |  2.2
Air Magic      | 1 2 |  2.2
Earth Magic    | 1 2 |  2.2
Poison Magic   | 1 2 |  2.2
Fighting       | 3 |  3.8
Evocations     | 3 |  3.8
Axes           | 5 |  5.4
Dodging        | 5 |  5.4
Unarmed Combat | 7 |  7.1

Action                     |  1- 3 |  4- 6 |  7- 9 || total
---------------------------+-------+-------+-------++-------
  Melee: Hand axe          |   120 |   111 |    28 ||   259
         Bite              |    12 |    12 |     4 ||    28
         Punch             |     4 |     8 |       ||    12
   Fire: Sling             |       |    70 |       ||    70
  Throw: Javelin           |     8 |     2 |       ||    10
         Boomerang         |       |     5 |     7 ||    12
    Use: Scroll            |       |     8 |       ||     8
         Potion            |       |       |     1 ||     1
   Stab: Sleeping          |     3 |     1 |       ||     4
         Distracted        |       |       |     2 ||     2
 Armour: Robe              |    35 |    56 |     6 ||    97
  Dodge: Dodged            |    78 |    84 |    15 ||   177
  Block: Kite shield       |       |    35 |     7 ||    42
